Arrhythmia, chaotic female vampiric Convict #################)###)## ----------- #--- |.........+# #|. |.........|### )|.- |<..+......###########|.| ----------- ### #|.| # #|Y- ### #|. # #|@- ### #|.| # #|@| ###|@| ###|_| # #|%| ####|.| %|.-+------ ---------- ----- | #...............................| -------------------------------- Arrhythmia the Jail-bird Experience level: 7 Strength: 18/01 Dexterity: 9 Constitution: 20 Intelligence: 12 Wisdom: 4 Charisma: 8 Health: 0(66) Energy: 37(37) AC: -2 Gold: 884 Moves: 2560 Your Inventory: Coins $ - 884 gold pieces Armor b - a cursed +0 striped shirt (being worn) i - a [blessed] +2 pair of walking shoes [low] (being worn) q - a cursed +0 dwarvish mithril-coat (being worn) v - an [uncursed] +0 hard hat [dwarvish iron helm] (being worn) w - an [uncursed] +0 red-eyed shield [orcish] (being worn) Scrolls e - 2 uncursed scrolls labeled SODALG [of identify] f - an uncursed scroll labeled ANDOVA BEGARIN [of enchant weapon] h - an uncursed scroll labeled KERNOD WEL [of create monster] t - a [blessed] scroll of teleportation Wands u - an [uncursed] oak wand [of teleportation (0:6)] Tools g - an uncursed magic marker [0:72] Iron balls c - an uncursed heavy iron ball (chained to you) (weapon in hand) Spells known in the end: Name Level Category Fail Memory Your skills at the end: Fighting Skills Weapon Skills sling [Basic / Skilled] Spellcasting Skills Final Attributes: You were piously aligned. Hunger level was 239. Your alignment was 22 / 22. Monster difficulty range was 1 - 7. Level difficulty was 7. You were immune to poison. You were immune to level-drain. You were immune to sickness. You were punished. You could fly. You could survive without air. You regenerated. You were lucky (1). You are dead. Vanquished creatures: a dog 5 Mordor orcs a rock piercer a yellow light 4 gnome lords a gnomish wizard a guardian naga hatchling a little dog a floating eye 4 dwarves 2 monkeys a dwarf zombie an acid blob a gas spore 3 hobbits 8 manes a hobgoblin a red mold 20 gnomes a gecko a jackal a fox 2 kobolds 2 goblins 4 grid bugs 6 lichens 4 newts 79 creatures vanquished. Voluntary challenges: You went without food. You were illiterate. You never hit with a wielded weapon. You put on armor 7 times. You never genocided any monsters. You never polymorphed an object. You never changed form. You used no wishes. You abstained from Elbereth's help. You never encountered a bones level. You never used any Sokoban shortcuts. Dungeon overview: The Dungeons of Doom: levels 1 to 4 Level 1 an altar a long staircase Level 2 a general store Level 3 a music store Level 4 an altar stairs to The Gnomish Mines The Gnomish Mines: levels 5 to 7 Level 5 stairs to The Dungeons of Doom Level 7 <- You were here History has recorded: On T:1 you entered the Dungeons of Doom to retrieve the Amulet of Yendor! On T:174 you advanced to experience level 2. On T:272 you reached level 2 of The Dungeons of Doom. On T:280 you advanced to experience level 3. On T:788 you reached level 3 of The Dungeons of Doom. On T:1148 you reached level 4 of The Dungeons of Doom. On T:1180 you advanced to experience level 4. On T:1430 you reached level 1 of The Gnomish Mines. On T:1440 you advanced to experience level 5. On T:1484 you advanced to experience level 6. On T:2181 you reached level 2 of The Gnomish Mines. On T:2248 you advanced to experience level 7. On T:2411 you reached level 3 of The Gnomish Mines. Latest messages: The watch captain wields a silver saber! The watchman throws a knife! The knife misses the watch captain. You are almost hit by a knife. [HP+1=66] You hit the watch captain! You miss the watch captain. The watch captain swings her silver saber. The silver sears your flesh! The watch captain hits! The watch captain swings her silver saber. The silver sears your flesh! The watch captain hits! [HP-30=36] You hit the watch captain! You miss the watch captain. The watch captain swings her silver saber. The silver sears your flesh! The watch captain hits! The watch captain swings her silver saber. The silver sears your flesh! The watch captain hits! You die... Final status: Goodbye Arrhythmia the Convict... You died in The Gnomish Mines on dungeon level 7 with 3424 points, and 884 pieces of gold, after 2560 moves. You were level 7 with a maximum of 66 hit points when you died.